 Dungeon Sprint DCSS version 0.24.0-41-g2ae2f7f1be (webtiles) character file.

Game seed: 8819150416278444076, levelgen mode: deterministic

10 McKennaii the Skirmisher (level 2, 0/22 (25) HPs)
             Began as a Demonspawn Fighter on Dec 10, 2019.
             Slain by a necrophage (4 damage)
             ... in the Dungeon (Sprint II: "The Violet Keep of Menkaure").
             The game lasted 00:00:54 (188 turns).

McKennaii the Skirmisher (Demonspawn Fighter)        Turns: 188, Time: 00:00:54

HP:   0/22 (25)     AC:  6    Str: 16    XL:     2   Next: 10%
MP:   2/2           EV:  6    Int:  9    God:
Gold: 0             SH:  9    Dex: 12    Spells: 1/1 levels left

rFire    . . .     SeeInvis .   a - +0 long sword
rCold    . . .     Gourm    .   c - +0 shield
rNeg     . . .     Faith    .   b - +0 scale mail
rPois    .         Spirit   .   (no helmet)
rElec    .         Reflect  .   (no cloak)
rCorr    .         Harm     .   (no gloves)
MR       .....     NoTele   +   (no boots)
Stlth    ..........             (no amulet)
HPRegen  0.00/turn              (no ring)
MPRegen  0.08/turn              (no ring)

@: non-regenerating, badly diseased
A: powered by pain 1
a: no special abilities


You were in the Dungeon.
You were not hungry.

You visited 1 branch

Inventory:

Hand Weapons
 a - a +0 long sword (weapon)
Armour
 b - a +0 scale mail (worn)
 c - a +0 shield (worn)
Scrolls
 k - a scroll of blinking
Potions
 d - a potion of might
 e - a potion of curing
 g - a potion of heal wounds
 h - a potion of haste
 i - 2 potions of magic
 j - a potion of berserk rage
Comestibles
 f - a ration


   Skills:
 + Level 3.6 Fighting
 * Level 2.6 Long Blades
 + Level 3.3 Armour
 + Level 3.2 Shields


You had one spell level left.
You didn't know any spells.
Your spell library was empty.

Dungeon Overview and Level Annotations

Branches:
Dungeon (1/1)

Altars:


Innate Abilities, Weirdness & Mutations

You sometimes gain a little power by taking damage.


Message History

The necrophage hits you.
Your scale mail prevents you from hitting the necrophage.
The necrophage is severely damaged.
The necrophage hits you. x2
* * * LOW HITPOINT WARNING * * *
You feel ill.
You feel your flesh rotting away!
You hit the necrophage.
The necrophage is severely damaged.
You block the necrophage's attack.
You closely miss the necrophage.
The necrophage is severely damaged.
You block the necrophage's attack. x2
Unknown command.
You hit the necrophage.
The necrophage is almost destroyed.
You block the necrophage's attack.
You closely miss the necrophage.
The necrophage is almost destroyed.
The necrophage hits you.
You die...

## ## .##
#.# ..#
#.#.# #
#†# .##
##.##nn.#
+.<@n#
##.##n..#
#+# .## #


You could see 4 necrophages.

Vanquished Creatures
  3 worms (D)
3 creatures vanquished.

Vanquished Creatures (others)
  A crocodile (D)
1 creature vanquished.

Grand Total: 4 creatures vanquished

Notes
Turn   | Place    | Note
-------+----------+-------------------------------------------
     0 | D        | McKennaii the Demonspawn Fighter began the quest for the
                  | Orb.
     0 | D        | Reached XP level 1. HP: 18/18 MP: 1/1
    21 | D        | Gained mutation: You sometimes gain a little power by
                  | taking damage. [demonic ancestry]
    21 | D        | Reached XP level 2. HP: 13/25 MP: 2/2
   111 | D        | Killed a crocodile
   171 | D        | Noticed a necrophage
   171 | D        | Noticed a necrophage
   171 | D        | Noticed a necrophage
   171 | D        | Noticed a necrophage
   188 | D        | Slain by a necrophage

Levels and vault maps discovered:
D:        the_violet_keep_of_menkaure [sprint2_stairs_cluster_1,
          sprint2_shoproom, sprint2_temple, sprint2_basic_supplies,
          sprint2_obstacle_5, sprint2_obstacle_7, sprint2_obstacle_6,
          sprint2_obstacle_2, sprint2_obstacle_4, sprint2_timed_cluster_1,
          sprint2_smallroom_cluster_1, sprint2_smallroom_final_cluster_1,
          sprint2_transparent_cluster_1, sprint2_second_timed_cluster_1,
          sprint2_sniper_area_1, sprint2_heavy_combat_area_1,
          sprint2_mutation_trap_area_1, sprint2_forest_area_1,
          sprint2_light_combat_area_1, sprint2_behind_water_1,
          sprint2_near_end_vault_1]

Skill      XL: |  1 |
---------------+----+-----
Long Blades    | 2 |  2.6
Armour         | 3 |  3.3
Shields        | 3 |  3.2
Fighting       | |  3.6

Action                   || total
-------------------------++-------
Melee: Long sword        ||    33
Armor: Scale mail        ||    11
Dodge: Dodged            ||     2
Block: Shield            ||     9
       Rpst.: Long sword ||     2
